 Dungeon Crawl Stone Soup version 0.19-a0-1057-g15bb84d (webtiles) character file.

128 fishboness the Skirmisher (level 5, 0/42 HPs)
             Began as a Human Berserker on Aug 2, 2016.
             Was a Believer of Trog.
             Succumbed to an adder's poison
             ... on level 4 of the Dungeon.
             The game lasted 00:18:32 (1218 turns).

fishboness the Skirmisher (Human Berserker)         Turns: 1218, Time: 00:18:33

Health: 0/42       AC:  6    Str: 17      XL:     5   Next: 33%
Magic:  5/5        EV: 12    Int:  4 (7)  God:    Trog [**....]
Gold:   62         SH:  0    Dex: 14      Spells: 0 memorised, 4 levels left

rFire  . . .     SeeInvis .     a - +0 hand axe
rCold  . . .     Gourm    .     p - +0 ring mail
rNeg   . . .     Faith    .     (no shield)
rPois  +         Spirit   .     (no helmet)
rElec  .         Dismiss  .     (no cloak)
rCorr  .         Reflect  .     e - +0 pair of gloves
SustAt .         Harm     .     (no boots)
MR     .....                    (no amulet)
Stlth  +.........               (no ring)
                                l - ring of poison resistance

@: lethally poisoned (0 -> -12), very slightly contaminated, hasted, very quick,
not resistant to hostile enchantments, very unstealthy
A: no striking features
a: Berserk, Trog's Hand, Burn Spellbooks, Renounce Religion


You were on level 4 of the Dungeon.
You worshipped Trog.
Trog was pleased with you.
You were not hungry.

You visited 1 branch of the dungeon, and saw 4 of its levels.

You collected 62 gold pieces.

Inventory:

Hand Weapons
 a - a +0 hand axe (weapon)
 u - a +0 club
 v - a +0 dagger
Missiles
 d - 52 arrows
 g - 14 stones (quivered)
 k - 14 bolts
Armour
 b - a +0 animal skin
 c - a +0 ring mail
 e - a +0 pair of gloves (worn)
 f - a +0 ring mail
 p - a +0 ring mail (worn)
 w - a +0 leather armour
 y - a +0 ring mail
Jewellery
 l - a ring of poison resistance (left hand)
Scrolls
 i - a scroll of teleportation {unknown}
 r - a scroll of immolation {unknown}
 s - 3 scrolls of amnesia {unknown}
 t - a scroll of random uselessness {unknown}
 C - a scroll of remove curse {unknown}
Potions
 j - a potion of curing {unknown}
 m - a potion of haste
Books
 x - a Young Poisoner's Handbook

   Spells                             Type                      Level
   a - Sting                          Conjuration/Poison           1
   b - Mephitic Cloud                 Conjuration/Poison/Air       3
   c - Olgreb's Toxic Radiance        Poison                       4
   d - Alistair's Intoxication        Transmutation/Poison         5
   e - Venom Bolt                     Conjuration/Poison           5
   Trog disapproves of the use of such an item.
Comestibles
 q - a bread ration
 z - 2 beef jerkies
 A - a slice of pizza
 B - a meat ration


   Skills:
 + Level 4.0 Fighting
 + Level 3.9 Axes
 + Level 2.4 Armour
 + Level 3.2 Dodging


You had 4 spell levels left.
You didn't know any spells.

Dungeon Overview and Level Annotations

Branches:
Dungeon (4/15)
 Temple: D:4-7

Altars:


Message History

You feel sick. The adder bites you.
* * * LOW HITPOINT WARNING * * *
You are more poisoned.
The adder poisons you!
You climb downwards.
* * * LOW HITPOINT WARNING * * *
You feel sick.
Found a potion of degeneration.
There is a stone staircase leading up here.
l - a ring of poison resistance (left hand)
The adder bites you but does no damage.
Blink to where?
Press: ? - help, Dir - move target cursor You are very lightly contaminated with residual magic.
As you read the scroll labeled YKYNUI ROHE, it crumbles to dust.
It was a scroll of blinking.
* * * LOW HITPOINT WARNING * * *
You feel sick.
It was a potion of haste.
You feel yourself speed up.
You die...

#........
#<########
#........#
#..S.....#
#........#
#........#
#........#
#........#
#......@.#
#.#####+##


You could see an adder.

Vanquished Creatures
  A giant frog (D:3)
  An adder (D:3)
  2 dart slugs (D:1)
  An orc (D:3)
  5 bats
  3 giant cockroaches
  11 goblins
  5 hobgoblins
  7 jackals
  2 kobolds (D:1)
  A ball python (D:2)
  2 giant newts
  4 rats (D:1)
45 creatures vanquished.

Notes
Turn   | Place    | Note
-------+----------+-------------------------------------------
     0 | D:1      | fishboness the Human Berserker began the quest for the Orb.
     0 | D:1      | Reached XP level 1. HP: 18/18 MP: 1/1
    37 | D:1      | Reached XP level 2. HP: 3/24 MP: 2/2
   250 | D:1      | Reached XP level 3. HP: 15/29 MP: 3/3
   443 | D:1      | Reached ** piety under Trog
   952 | D:2      | Reached XP level 4. HP: 36/36 MP: 4/4
  1064 | D:3      | Noticed a giant frog
  1088 | D:3      | Killed a giant frog
  1088 | D:3      | Reached skill level 4 in Fighting
  1088 | D:3      | Reached XP level 5. HP: 10/42 MP: 5/5
  1217 | D:4      | HP: 2/42 [poisoned by an adder]
  1218 | D:4      | Succumbed to an adder's poison

Vault maps used:
D:1:      tarquinn_simple_flora_water_e, minivault_24, minmay_tall_x
D:2:      nicolae_qazlal_general_emergency, first_bread
D:3:      kennysheep_minor_cross, minmay_checkerbox, uniq_sigmund
D:4:      kennysheep_mini

Skill      XL: |  1  2  3  4 |
---------------+-------------+-----
Fighting       | 4 |  4.0
Dodging        | 3 |  3.2
Axes           | |  3.9
Armour         | |  2.4

Action                   |  1- 3 |  4- 6 || total
-------------------------+-------+-------++-------
Melee: Hand axe          |   128 |    60 ||   188
  Use: Potion            |     3 |     1 ||     4
       Scroll            |       |     1 ||     1
  Eat: Bread ration      |     1 |       ||     1
Armor: Animal skin       |     5 |       ||     5
       Ring mail         |    58 |    31 ||    89
Dodge: Dodged            |    78 |    43 ||   121
